 Dungeon Crawl Stone Soup version 0.29-a0-676-ga64570c (webtiles) character file.

Game seed: 6452666153605157496

77 Dawnplanks the Chopper (level 4, -1/38 HPs)
             Began as a Hill Orc Warper on June 24, 2022.
             Killed from afar by an orc wizard (5 damage)
             ... with a magic dart
             ... on level 3 of the Dungeon.
             The game lasted 00:04:26 (2643 turns).

Dawnplanks the Chopper (Hill Orc Warper)            Turns: 2643, Time: 00:04:26

Health: -1/38      AC:  3    Str: 15    XL:     4   Next: 34%
Magic:  6/6        EV: 11    Int: 13    God:
Gold:   84         SH:  0    Dex: 10    Spells: 6/6 levels left

rFire   . . .      SeeInvis .   o - +0 war axe
rCold   . . .      Faith    .   (no shield)
rNeg    . . .      Spirit   .   b - +0 leather armour
rPois   .          Reflect  .   (no helmet)
rElec   .          Harm     .   (no cloak)
rCorr   .          Rampage  .   (no gloves)
Will    .....                   (no boots)
Stlth   ..........              (no amulet)
HPRegen 0.12/turn               (no ring)
MPRegen 0.10/turn               (no ring)

@: confused
A: no striking features
a: no special abilities


You were on level 3 of the Dungeon.
You visited 1 branch of the dungeon, and saw 3 of its levels.

You collected 84 gold pieces.

Inventory:

Hand Weapons
 o - a +0 war axe (weapon)
Missiles
 d - 7 boomerangs of dispersal
 e - 15 poisoned darts
 h - 4 boomerangs (quivered)
 j - 5 javelins
Armour
 b - a +0 leather armour (worn)
 q - a scarf of harm
Scrolls
 a - 2 scrolls of fog {unknown}
 c - a scroll of blinking
 g - 6 scrolls of identify {unknown}
 i - a scroll of poison {unknown}
 k - a scroll of teleportation {unknown}
 l - a scroll of acquirement {unknown}
 p - a scroll of immolation {unknown}
 r - a scroll of summoning {unknown}
Potions
 f - 3 potions of curing {unknown}
 m - a potion of heal wounds {unknown}
 n - a potion of brilliance {unknown}
 s - a potion of cancellation {unknown}


   Skills:
 + Level 3.1 Fighting
 * Level 4.4 Axes
 + Level 1.3 Throwing
 + Level 2.0 Armour
 + Level 1.9 Dodging
 - Level 1.5 Spellcasting
 - Level 2.4 Translocations


You had 6 spell levels left.
You didn't know any spells.
Your spell library contained the following spells:

 Spells                   Type           Power      Damage    Failure   Level
 Blink                    Tloc           14%        N/A       19%         2
 Gell's Gravitas          Tloc           7%         N/A       36%         3
 Lesser Beckoning         Tloc           7%         N/A       36%         3
 Teleport Other           Tloc           7%         N/A       36%         3
 Manifold Assault         Tloc           7%         N/A       98%         5


Dungeon Overview and Level Annotations

Branches:
Dungeon (3/15)

Altars:

Shops:
D:1 (


Message History

The orc hits you but does no damage. The orc hits you with a +0 short sword.
The orc closely misses you.
You slash the orc!
You kill the orc!
You closely miss the orc. You hit the orc.
You feel less confused. The orc barely misses you.
The orc wizard mumbles some strange words.
The orc wizard flickers and vanishes!
Deactivating autopickup; reactivate with Ctrl-A.
The orc closely misses you.
You hit the orc but do no damage.
The orc is heavily wounded.
You barely miss the orc. x2; The orc hits you with a +0 mace.
The orc hits you with a +0 short sword.
Unknown command.
You barely miss the orc.
The orc is heavily wounded.
You barely miss something. You barely miss the orc.
The orc hits you with a +0 mace. The orc misses you.
The orc hits you with a +0 flail. The orc hits you with a +0 short sword.
The orc barely misses you.
You hear some strange, mumbled words.
You are confused.
You barely miss the orc.
The orc is heavily wounded.
You barely miss the orc. You completely miss something.
You hit the orc but do no damage. The orc barely misses you.
The orc hits you with a +0 short sword. Something hits you.
The orc hits you with a +0 flail. The orc closely misses you.
The orc hits you but does no damage.
You completely miss something. You hit the orc but do no damage. x2
The orc hits you with a +0 mace!
* * * LOW HITPOINT WARNING * * *
The orc misses you. Something hits you.
* * * LOW HITPOINT WARNING * * *
A magic dart appears from out of thin air!
The magic dart hits you.
You die...

....#### #.##... ..
########.##.# ...
#......)....####...
#.................
#..............#
#..............#
#..........<...#
#......[..@#...#
##########.o...#
#o{...# #.)...#
#...!.# #.....#
......# ........
..........


You could see 2 orcs.

Vanquished Creatures
  3 adders (D:2)
  2 dart slugs (D:1)
  An orc (D:3)
  A ball python (D:1)
  7 endoplasms
  A giant cockroach (D:1)
  6 goblins
  3 hobgoblins
  7 kobolds
  4 bats
  4 frilled lizards (D:1)
  4 rats
43 creatures vanquished.

Notes
Turn   | Place    | Note
-------+----------+-------------------------------------------
     0 | D:1      | Dawnplanks the Hill Orc Warper began the quest for the Orb.
     0 | D:1      | Reached XP level 1. HP: 18/18 MP: 3/3
    44 | D:1      | Reached skill level 3 in Axes
    54 | D:1      | Reached XP level 2. HP: 1/25 MP: 4/4
   974 | D:1      | Found Ronuar's Antique Weapon Boutique.
  1016 | D:1      | Reached XP level 3. HP: 26/30 MP: 5/5
  1423 | D:2      | Reached skill level 1 in Throwing
  1515 | D:2      | Reached skill level 4 in Axes
  1792 | D:2      | Reached XP level 4. HP: 21/38 MP: 6/6
  2643 | D:3      | Killed from afar by an orc wizard

Illustrated notes

Levels and vault maps discovered:
D:1:      psy_arrival_fountain, layout_rooms, serial_shops, nicolae_shop_stone,
          minmay_close_crescents
D:2:      wad_pebble_path, layout_basic
D:3:      layout_basic, ebering_ecumenical_altar_mist

Skill      XL: |  1  2  3 |
---------------+----------+-----
Axes           | 3 4 |  4.4
Throwing       | 1 |  1.3
Fighting       | 3 |  3.1
Armour         | 2 |  2.0
Dodging        | |  1.9
Spellcasting   | |  1.5
Translocations | |  2.4

Action                   |  1- 3 |  4- 6 || total
-------------------------+-------+-------++-------
Melee: Hand axe          |    60 |       ||    60
       War axe           |    45 |    21 ||    66
       Punch             |     1 |       ||     1
Throw: Boomerang         |    30 |     9 ||    39
Armor: Leather armour    |    33 |     4 ||    37
Dodge: Dodged            |    50 |    18 ||    68

Table legend: (Time is in decaauts)
 A = Elapsed time spent in this place.
 B = Non-inter-level travel time spent in this place.
 C = Inter-level travel time spent in this place.
 D = Time resting spent in this place.
 E = Time spent auto-exploring this place.
 F = Levels seen in this place.
 G = Mean time per level.
                   A        B        C        D        E       F      G
               +--------+--------+--------+--------+--------+-----+--------+
         Total |   2679 |   2569 |    110 |      0 |   2193 |   3 |  893.0 |
       Dungeon |   2679 |   2569 |    110 |      0 |   2193 |   3 |  893.0 |
               +--------+--------+--------+--------+--------+-----+--------+

Top non-repeatable levels by time:
     D:1: 1379 daAuts
     D:2: 1272 daAuts
     D:3: 27 daAuts
